[Event "Early-Titled-Tuesday-Blitz-September-12-2023"]
[Site "Chess.com"]
[Date "2023.09.12"]
[Round "4"]
[White "Manukyan_Artak"]
[Black "ljm509"]
[Result "1-0"]
[WhiteElo "2526"]
[BlackElo "2344"]
[TimeControl "180+1"]
[EndTime "8:33:44 PDT"]
[Termination "Manukyan_Artak won by resignation"]

1. e4 e6 2. d4 d5 3. e5 c5 4. c3 Ne7 5. Nf3 Nec6 6. a3 a5 7. Bd3 b6 8. O-O Ba6 9. Bg5 Be7 10. h4 h6 11. Bxe7 Qxe7 12. h5 Bxd3 13. Qxd3 cxd4 14. cxd4 O-O 15. Nc3 Nd7 16. Rac1 Rfc8 17. Nb5 Na7 18. Nd6 Rxc1 19. Rxc1 Nf8 20. Qa6 Qd8 21. Qb7 Nd7 22.
Rc7 1-0

[Event "Early-Titled-Tuesday-Blitz-September-12-2023"]
[Site "Chess.com"]
[Date "2023.09.12"]
[Round "4"]
[White "DarZay"]
[Black "Arek_pacitan"]
[Result "0-1"]
[WhiteElo "2260"]
[BlackElo "2597"]
[TimeControl "180+1"]
[EndTime "8:34:03 PDT"]
[Termination "Arek_pacitan won by resignation"]

1. e4 c5 2. Nf3 Nc6 3. d3 g6 4. Nc3 Bg7 5. g3 Nf6 6. Bg2 O-O 7. O-O d5 8. exd5 Nxd5 9. Nxd5 Qxd5 10. Qe2 Bg4 11. h3 Nd4 12. Nxd4 Bxe2 13. Bxd5 Bxf1 14. Nb3 Bxh3 15. Bxb7 Rab8 16. Nxc5 Bd4 17. Nd7 Bxd7 0-1

[Event "Early-Titled-Tuesday-Blitz-September-12-2023"]
[Site "Chess.com"]
[Date "2023.09.12"]
[Round "4"]
[White "glebus008"]
[Black "CixPer1968"]
[Result "0-1"]
[WhiteElo "2314"]
[BlackElo "2185"]
[TimeControl "180+1"]
[EndTime "8:34:11 PDT"]
[Termination "CixPer1968 won by resignation"]

1. e4 c5 2. Nf3 d6 3. d4 cxd4 4. Nxd4 Nf6 5. Nc3 g6 6. Be3 Bg7 7. f3 O-O 8. Qd2 Nc6 9. O-O-O d5 10. exd5 Nxd5 11. Nxc6 bxc6 12. Bd4 Bxd4 13. Qxd4 Qb6 14.
Na4 Qa5 15. h4 e5 16. Qc4 Ne3 17. Qe4 Nxd1 18. Kxd1 Bf5 19. Qc4 Rfd8+ 20. Bd3 Bxd3 21. cxd3 Rd4 22. Qxc6 Qxa4+ 23. Qxa4 Rxa4 0-1

[Event "Early-Titled-Tuesday-Blitz-September-12-2023"]
[Site "Chess.com"]
[Date "2023.09.12"]
[Round "4"]
[White "arminmusovic"]
[Black "Masterbeaterr"]
[Result "1-0"]
[WhiteElo "2559"]
[BlackElo "2391"]
[TimeControl "180+1"]
[EndTime "8:34:23 PDT"]
[Termination "arminmusovic won by resignation"]

1. a3 e5 2. d4 exd4 3. Qxd4 Nc6 4. Qa4 Nf6 5. Nc3 Be7 6. Bg5 O-O 7. O-O-O h6 8. Bh4 d6 9. e3 Bf5 10. Nf3 a6 11.
Bxf6 Bxf6 12. Nd5 Ne5 13. Qf4 Be6 14. Nxf6+ Qxf6 15. Qxf6 gxf6 16. h3 d5 17. Be2 c5 18.
Nh4 Rfd8 19. f4 Ng6 20. Nf3 Bf5 21. Rhg1 Be4 22. Nd2 f5 23. g4 d4 24. gxf5 Bxf5 25. e4 Bxh3 26. f5 1-0

[Event "Early-Titled-Tuesday-Blitz-September-12-2023"]
[Site "Chess.com"]
[Date "2023.09.12"]
[Round "4"]
[White "Mariia89"]
[Black "NotFischer"]
[Result "0-1"]
[WhiteElo "1994"]
[BlackElo "2282"]
[TimeControl "180+1"]
[EndTime "8:34:25 PDT"]
[Termination "NotFischer won by resignation"]

1. d4 Nf6 2. Nf3 g6 3. c4 Bg7 4.
Nc3 d6 5. e4 Bg4 6. Be2 Nc6 7.
O-O e5 8. d5 Ne7 9. b4 a5 10.
Ba3 axb4 11. Bxb4 b6 12. a4 O-O 13. a5 bxa5 14. Bxa5 Qd7 15. Nd2 Bxe2 16. Qxe2 Nh5 17.
g3 f5 18. Nb5 Rac8 19. Nc3 f4 20. Kg2 f3+ 21. Nxf3 Qg4 22. Nh4 Nf4+ 0-1

[Event "Early-Titled-Tuesday-Blitz-September-12-2023"]
[Site "Chess.com"]
[Date "2023.09.12"]
[Round "4"]
[White "Rikikits"]
[Black "FabianoCaruana"]
[Result "0-1"]
[WhiteElo "2856"]
[BlackElo "3070"]
[TimeControl "180+1"]
[EndTime "8:34:36 PDT"]
[Termination "FabianoCaruana won by resignation"]

1. e4 c5 2. Nc3 e6 3. d4 cxd4 4.
Qxd4 Nc6 5. Qe3 Nf6 6. Nf3 Bb4 7.
Bd2 d6 8. h3 O-O 9. O-O-O e5 10. Bd3 Be6 11. a3 Bc5 12. Qg5 Bxf2 13. Nd5 Bxd5 14.
exd5 h6 0-1

[Event "Early-Titled-Tuesday-Blitz-September-12-2023"]
[Site "Chess.com"]
[Date "2023.09.12"]
[Round "4"]
[White "ivana_999"]
[Black "valemava"]
[Result "0-1"]
[WhiteElo "2033"]
[BlackElo "2299"]
[TimeControl "180+1"]
[EndTime "8:34:45 PDT"]
[Termination "valemava won by resignation"]

1. d4 c6 2. c4 b5 3. cxb5 cxb5 4. e4 Bb7 5. f3 a6 6. Be3 Nf6 7. Bd3 e6 8. Ne2 Be7 9. Nd2 d6 10.
O-O O-O 11. a4 bxa4 12. Rxa4 Nbd7 13. Nc3 d5 14. e5 Ne8 15. f4 g6 16. Rf3 Nb6 17. Ra1 Nc4 18. Qe2 Nxb2 19. Rb1 Nxd3 20. Rxb7 Nb4 21. Rh3 Ng7 22. g4 Qc8 23. Rxe7 Qxc3 24.
f5 exf5 25. gxf5 Nxf5 26. Rd7 Nxe3 27. Rxe3 Qxd4 28. Nf3 Qg4+ 0-1

[Event "Early-Titled-Tuesday-Blitz-September-12-2023"]
[Site "Chess.com"]
[Date "2023.09.12"]
[Round "4"]
[White "Niilo1"]
[Black "DrDreBeats"]
[Result "1-0"]
[WhiteElo "2298"]
[BlackElo "2525"]
[TimeControl "180+1"]
[EndTime "8:34:49 PDT"]
[Termination "Niilo1 won by checkmate"]

1. e4 d5 2. exd5 Qxd5 3. Nf3 Bg4 4. Be2 Nc6 5. Nc3 Qh5 6. O-O e6 7. h3 Nf6 8. hxg4 Nxg4 9. d4 Bd6 10. g3 Qh3 11.
Ne4 Be7 12. Re1 O-O-O 13. c3 f5 14. Neg5 Bxg5 15. Bxg5 Nce5 16. dxe5 Rxd1 17. Raxd1 Qh5 18. Kg2 h6 19. Rh1 Qf7 20. Bc4 Rd8 21. Rxd8# 1-0

[Event "Early-Titled-Tuesday-Blitz-September-12-2023"]
[Site "Chess.com"]
[Date "2023.09.12"]
[Round "4"]
[White "Irishchessman16"]
[Black "FredddieCroderg"]
[Result "0-1"]
[WhiteElo "2483"]
[BlackElo "2297"]
[TimeControl "180+1"]
[EndTime "8:34:49 PDT"]
[Termination "FredddieCroderg won by resignation"]

1. e4 c5 2. f4 d5 3. Bb5+ Bd7 4. Bxd7+ Qxd7 5. exd5 Nf6 6. c4 e6 7. dxe6 fxe6 8. Nf3 Nc6 9. O-O O-O-O 10. Nc3 Be7 11. Kh1 h6 12. Ne5 Nxe5 13. fxe5 Nh7 14. a3 Rhf8 15.
b4 Qd3 16. Rxf8 Rxf8 17. Bb2 Rf2 18. h3 Rxd2 19. Qc1 Bg5 0-1

[Event "Early-Titled-Tuesday-Blitz-September-12-2023"]
[Site "Chess.com"]
[Date "2023.09.12"]
[Round "4"]
[White "biostatistician"]
[Black "jcibarra"]
[Result "0-1"]
[WhiteElo "2586"]
[BlackElo "2928"]
[TimeControl "180+1"]
[EndTime "8:34:52 PDT"]
[Termination "jcibarra won by resignation"]

1. d4 d5 2. Nf3 e6 3. c4 a6 4.
cxd5 exd5 5. Nc3 Nf6 6. Bg5 Be6 7. e3 Nbd7 8. Bd3 Bd6 9. O-O c6 10. e4 dxe4 11. Nxe4 Be7 12. Bxf6 Nxf6 13. Nc5 Bxc5 14. dxc5 O-O 15. b4 a5 16. b5 a4 17. Qc2 Bd5 18.
Ne5 Re8 19. Rae1 Qa5 20. bxc6 bxc6 21. f4 a3 22. Rb1 Rab8 23. h3 g6 24. Rxb8 Rxb8 25.
f5 Rb2 26. Qc1 Rxg2+ 27. Kh1 Rc2+ 0-1

[Event "Early-Titled-Tuesday-Blitz-September-12-2023"]
[Site "Chess.com"]
[Date "2023.09.12"]
[Round "4"]
[White "RamonManon0g"]
[Black "Ishowmoves57"]
[Result "1/2-1/2"]
[WhiteElo "2302"]
[BlackElo "2107"]
[TimeControl "180+1"]
[EndTime "8:34:52 PDT"]
[Termination "Game drawn by repetition"]

1. e4 c5 2. Nf3 Nc6 3. Bb5 g6 4. a4 Bg7 5. O-O e5 6. c3 Nge7 7. Re1 O-O 8. d4 cxd4 9. cxd4 Nxd4 10.
Nxd4 exd4 11. Nd2 d5 12. e5 a6 13. Bf1 Nc6 14. Nf3 Re8 15. Bg5 Qb6 16. Bf6 Bg4 17. Bxg7 Kxg7 18. h3 Bxf3 19. Qxf3 Nxe5 20. Qxd5 Rad8 21.
Qe4 Qc6 22. Qf4 Qf6 23. Qe4 Qc6 24. Qf4 Qf6 25. Qe4 Qc6 1/2-1/2

[Event "Early-Titled-Tuesday-Blitz-September-12-2023"]
[Site "Chess.com"]
[Date "2023.09.12"]
[Round "4"]
[White "AsselLesbekova"]
[Black "AndreiITrifan"]
[Result "0-1"]
[WhiteElo "2337"]
[BlackElo "2628"]
[TimeControl "180+1"]
[EndTime "8:34:54 PDT"]
[Termination "AndreiITrifan won by resignation"]

1. e4 d6 2. d4 Nf6 3. Nc3 g6 4.
Bg5 Bg7 5. e5 Ng8 6. f4 c6 7.
exd6 Qxd6 8. Nce2 Nh6 9. c3 O-O 10. Qb3 Nd7 11. O-O-O Nb6 12. Nf3 Be6 13. Qc2 Nf5 14.
Qb1 Ne3 15. Re1 Bf5 16. Qa1 Nc2 17. Qb1 Nxe1 0-1

[Event "Early-Titled-Tuesday-Blitz-September-12-2023"]
[Site "Chess.com"]
[Date "2023.09.12"]
[Round "4"]
[White "FeketeBarika"]
[Black "hellokostya"]
[Result "0-1"]
[WhiteElo "2395"]
[BlackElo "2600"]
[TimeControl "180+1"]
[EndTime "8:35:00 PDT"]
[Termination "hellokostya won by resignation"]

1. Nf3 Nf6 2. g3 g6 3. Bg2 Bg7 4. c4 O-O 5. Nc3 d6 6. O-O e5 7.
d3 Nc6 8. Rb1 a5 9. a3 Re8 10. b4 axb4 11. axb4 Ne7 12. Bg5 h6 13. Bxf6 Bxf6 14. Qd2 Bg7 15. Rfc1 f5 16. Ne1 Kh7 17. Nd5 h5 18. h4 Nxd5 19. cxd5 Bh6 20. e3 f4 21.
exf4 exf4 22. Be4 fxg3 23. f4 Qxh4 24. Ng2 Qh2+ 25. Kf1 Rxe4 26. dxe4 Qh1+ 27. Ke2 Qxg2+ 28. Kd3 Qxd2+ 29. Kxd2 Bxf4+ 30. Kd3 Bxc1 31. Rxc1 g2 32. Rxc7+ Kh6 33. Rc1 Bh3 34. Ke3 Rf8 0-1

[Event "Early-Titled-Tuesday-Blitz-September-12-2023"]
[Site "Chess.com"]
[Date "2023.09.12"]
[Round "4"]
[White "savitha1030"]
[Black "IMSlavin"]
[Result "1-0"]
[WhiteElo "2478"]
[BlackElo "2201"]
[TimeControl "180+1"]
[EndTime "8:35:01 PDT"]
[Termination "savitha1030 won by resignation"]

1. d4 Nc6 2. c4 e5 3. d5 Nce7 4.
h4 h5 5. Nc3 Ng6 6. e4 Bc5 7.
Be2 Nf6 8. Bg5 Be7 9. Bxf6 Bxf6 10. Bxh5 Bxh4 11. g3 Bf6 12. Qf3 Kf8 13. Nge2 d6 14.
O-O-O Bd7 15. Bxg6 Rh7 16. Bxh7 1-0

[Event "Early-Titled-Tuesday-Blitz-September-12-2023"]
[Site "Chess.com"]
[Date "2023.09.12"]
[Round "4"]
[White "stollenmonster"]
[Black "Zavgorodniy_Sergiy"]
[Result "1-0"]
[WhiteElo "2830"]
[BlackElo "2523"]
[TimeControl "180+1"]
[EndTime "8:35:04 PDT"]
[Termination "stollenmonster won by resignation"]

1. e4 e6 2. Nc3 d5 3. g3 b6 4. Bg2 Bb7 5. Nge2 dxe4 6. Nxe4 Qc8 7. O-O Nd7 8. d4 Ngf6 9. N2c3 Be7 10. Re1 Nxe4 11.
Nxe4 Nf6 12. Nxf6+ Bxf6 13. d5 O-O 14. dxe6 fxe6 15.
c3 Bxg2 16. Kxg2 Qb7+ 17. Kg1 Rae8 18. Be3 Be7 19. Qg4 Bd6 20. Rad1 e5 21. h4 Kh8 22. h5 h6 23. c4 Rf7 24. b3 Ref8 25. Qe6 Qf3 26.
Qh3 Rf5 27. Qg2 Qxh5 28. g4 1-0

[Event "Early-Titled-Tuesday-Blitz-September-12-2023"]
[Site "Chess.com"]
[Date "2023.09.12"]
[Round "4"]
[White "Raskolnikov6"]
[Black "wannabe2700"]
[Result "0-1"]
[WhiteElo "2272"]
[BlackElo "2625"]
[TimeControl "180+1"]
[EndTime "8:35:15 PDT"]
[Termination "wannabe2700 won by resignation"]

1. d4 d6 2. c4 g6 3. e4 Bg7 4. Nc3 e5 5. dxe5 dxe5 6. Qxd8+ Kxd8 7. Be3 c6 8. Nf3 f6 9. Nd2 Be6 10. Be2 Nd7 11. O-O-O Ne7 12. h4 h5 13. Nb3 Kc7 14.
Nc5 Nxc5 15. Bxc5 Nc8 16. b3 b6 17. Be3 Bh6 18. Rd2 Bxe3 19. fxe3 Nd6 20. Rf1 Rhf8 21. Bf3 Rad8 22. Rfd1 Nb7 23. Rxd8 Nxd8 24. Rxd8 Rxd8 25. Kc2 Rh8 26. Nd1 g5 27. g3 gxh4 28. gxh4 Bg4 0-1

[Event "Early-Titled-Tuesday-Blitz-September-12-2023"]
[Site "Chess.com"]
[Date "2023.09.12"]
[Round "4"]
[White "vladislavkovalev"]
[Black "Dixit_Nikhil"]
[Result "1-0"]
[WhiteElo "2893"]
[BlackElo "2574"]
[TimeControl "180+1"]
[EndTime "8:35:16 PDT"]
[Termination "vladislavkovalev won by resignation"]

1. e4 Nc6 2. d4 d6 3. Nf3 Nf6 4. Nc3 g6 5. h3 Bg7 6. Be3 a6 7. a4 O-O 8. Be2 b6 9. O-O e6 10. Re1 Ne7 11. Qd2 Bb7 12. Bd3 c5 13. Rad1 d5 14.
e5 Ne4 15. Bxe4 dxe4 16. Ng5 Nf5 17. dxc5 Nxe3 18. Qxe3 Qc7 19. cxb6 Qxe5 20. Ngxe4 Rad8 21. Nc5 Qxe3 22. fxe3 Bc6 23. a5 1-0

[Event "Early-Titled-Tuesday-Blitz-September-12-2023"]
[Site "Chess.com"]
[Date "2023.09.12"]
[Round "4"]
[White "klauser63"]
[Black "GaalZsoka"]
[Result "0-1"]
[WhiteElo "2210"]
[BlackElo "2482"]
[TimeControl "180+1"]
[EndTime "8:35:18 PDT"]
[Termination "GaalZsoka won by resignation"]

1. e4 c6 2. d4 g6 3. c4 Bg7 4.
Nf3 d5 5. cxd5 cxd5 6. e5 Nc6 7. Nc3 Bg4 8. Be2 e6 9. O-O Nge7 10. Bg5 O-O 11.
Qd2 Qd7 12. Qf4 Bxf3 13. Bxf3 Nf5 14. Rad1 h6 15. Bf6 Bxf6 16. exf6 Qd6 17. Qd2 Qd8 18. Qf4 Qxf6 19. g4 Ncxd4 20. gxf5 Qg5+ 21. Qg4 Nxf3+ 0-1

[Event "Early-Titled-Tuesday-Blitz-September-12-2023"]
[Site "Chess.com"]
[Date "2023.09.12"]
[Round "4"]
[White "ploxoi"]
[Black "ChainedDowntohell"]
[Result "1-0"]
[WhiteElo "2385"]
[BlackElo "2514"]
[TimeControl "180+1"]
[EndTime "8:35:22 PDT"]
[Termination "ploxoi won by resignation"]

1. d4 Nf6 2. c4 b6 3. Nc3 Bb7 4. f3 d5 5. cxd5 Nxd5 6. e4 Nxc3 7. bxc3 e5 8. Bc4 exd4 9. cxd4 Bb4+ 10. Kf1 O-O 11. Ne2 Kh8 12. Qb3 Qe7 13. a3 Ba5 14. h4 f5 15. e5 c5 16. h5 Nc6 17. h6 g6 18. d5 Nd4 19. Nxd4 cxd4 20. Bb2 Qc5 21. Rd1 Bc3 22. Bxc3 dxc3 23. Qxc3 Qe7 24. d6 Qf6 25. exf6 1-0

[Event "Early-Titled-Tuesday-Blitz-September-12-2023"]
[Site "Chess.com"]
[Date "2023.09.12"]
[Round "4"]
[White "Mikedannnn"]
[Black "charlescandycampbell"]
[Result "1-0"]
[WhiteElo "2556"]
[BlackElo "2300"]
[TimeControl "180+1"]
[EndTime "8:35:34 PDT"]
[Termination "Mikedannnn won by resignation"]

1. e4 c6 2. d4 d5 3. exd5 cxd5 4. c4 Nf6 5. Nc3 g6 6. Qb3 Bg7 7. cxd5 Kf8 8. Be2 Ke8 9. Bf3 Nbd7 10. Nge2 Nb6 11. h3 Bf5 12. O-O Bd3 13. d6 exd6 14.
Bxb7 Rb8 15. Bc6+ Kf8 16. Qd1 Ba6 17. Re1 h6 18. Bf4 Qc7 19. Bf3 Kg8 20. Rc1 Qd7 21.
d5 Kh7 22. Nd4 Rhe8 23. b3 Rxe1+ 24. Qxe1 Nfxd5 25. Nxd5 Nxd5 26. Nc6 Nxf4 27. Nxb8 Nd3 28. Nxd7 Nxe1 29. Rxe1 Bc8 30. Bc6 1-0

[Event "Early-Titled-Tuesday-Blitz-September-12-2023"]
[Site "Chess.com"]
[Date "2023.09.12"]
[Round "4"]
[White "YEIKO2017"]
[Black "DefiantChair"]
[Result "0-1"]
[WhiteElo "2516"]
[BlackElo "2686"]
[TimeControl "180+1"]
[EndTime "8:35:36 PDT"]
[Termination "DefiantChair won by resignation"]

1. e4 c5 2. Nf3 d6 3. d4 cxd4 4. Nxd4 Nf6 5. Nc3 a6 6. Bg5 Nbd7 7. Qe2 h6 8. Bh4 g6 9. f4 e5 10. O-O-O exf4 11. Bxf6 Nxf6 12. e5 dxe5 13. Qxe5+ Be7 14. Ndb5 Qxd1+ 15. Kxd1 axb5 16. Nxb5 Bg4+ 17. Be2 Bxe2+ 18. Qxe2 Rxa2 19. Re1 Ra1+ 20. Kd2 Rxe1 21. Kxe1 O-O 22. Qf3 Re8 23. Kd1 Rd8+ 24. Kc1 Nd5 25. c4 Ne3 26. b3 Rd1+ 27. Kb2 Bf6+ 28. Ka3 Nc2+ 29. Ka4 Ra1+ 30. Na3 Rxa3+ 31. Kb5 Nd4+ 0-1

[Event "Early-Titled-Tuesday-Blitz-September-12-2023"]
[Site "Chess.com"]
[Date "2023.09.12"]
[Round "4"]
[White "Itk04"]
[Black "h4parah5"]
[Result "1-0"]
[WhiteElo "2763"]
[BlackElo "2939"]
[TimeControl "180+1"]
[EndTime "8:35:37 PDT"]
[Termination "Itk04 won by resignation"]

1. d4 Nf6 2. c4 g6 3. g3 Bg7 4.
Bg2 d6 5. Nf3 O-O 6. O-O Ne4 7.
Re1 f5 8. Nc3 Nc6 9. e3 Nxc3 10.
bxc3 e5 11. Ba3 Qe8 12. c5 e4 13. Nd2 d5 14. c4 Be6 15. Rb1 Rb8 16. Bf1 Kh8 17.
Qa4 b6 18. cxb6 axb6 19. Bxf8 Bxf8 20. cxd5 Bxd5 21. Bc4 Bxc4 22. Qxc4 Bd6 23. Qb5 Ra8 24. Rec1 Rxa2 25. Nf1 1-0

[Event "Early-Titled-Tuesday-Blitz-September-12-2023"]
[Site "Chess.com"]
[Date "2023.09.12"]
[Round "4"]
[White "Cambek64"]
[Black "InitiatingASC"]
[Result "1-0"]
[WhiteElo "2526"]
[BlackElo "2344"]
[TimeControl "180+1"]
[EndTime "8:35:38 PDT"]
[Termination "Cambek64 won by resignation"]

1. b3 Nf6 2. Bb2 b6 3. Bxf6 gxf6 4. c4 Bb7 5. e3 e6 6. Nf3 d5 7. Nc3 dxc4 8. bxc4 Nd7 9. d4 Bb4 10. Qb3 Qe7 11.
Be2 Rg8 12. O-O f5 13. g3 Nf6 14. Ne5 Ne4 15. Qa4+ Kf8 16. Nxe4 Bxe4 17. Nc6 Bxc6 18. Qxc6 Kg7 19. Bf3 Rad8 20. Rfd1 a5 21. Rac1 Qd6 22. Qa4 Ba3 23. c5 1-0

[Event "Early-Titled-Tuesday-Blitz-September-12-2023"]
[Site "Chess.com"]
[Date "2023.09.12"]
[Round "4"]
[White "santosalberto1987"]
[Black "splendidkid"]
[Result "0-1"]
[WhiteElo "2546"]
[BlackElo "2755"]
[TimeControl "180+1"]
[EndTime "8:35:47 PDT"]
[Termination "splendidkid won by checkmate"]

1. e4 c5 2. Nf3 d6 3. Bb5+ Nd7 4. d4 cxd4 5. Qxd4 a6 6. Bxd7+ Bxd7 7. Nc3 Nf6 8. Bg5 e6 9. O-O-O Bc6 10. Rhe1 h6 11. Bh4 Be7 12. Nd5 exd5 13. exd5 O-O 14. dxc6 bxc6 15. g4 Re8 16. g5 hxg5 17. Bxg5 Qa5 18. Rxe7 Rxe7 19. Bxf6 Re2 20. a3 Qf5 21. Qd3 Qxd3 22.
Rxd3 gxf6 23. Rxd6 Rxf2 24. Rxf6 Re8 25. Rf4 Kf8 26.
Rf5 Re3 27. Nd4 Re1# 0-1

[Event "Early-Titled-Tuesday-Blitz-September-12-2023"]
[Site "Chess.com"]
[Date "2023.09.12"]
[Round "4"]
[White "bescmelasti"]
[Black "sebastianmarinp"]
[Result "1-0"]
[WhiteElo "2615"]
[BlackElo "2400"]
[TimeControl "180+1"]
[EndTime "8:35:48 PDT"]
[Termination "bescmelasti won by resignation"]

1. e4 e6 2. d4 d5 3. Nc3 Bb4 4. e5 c5 5. a3 Bxc3+ 6. bxc3 Ne7 7. Qg4 Qc7 8. Qxg7 Rg8 9. Qxh7 cxd4 10. Qd3 Qxe5+ 11. Ne2 dxc3 12. Qxc3 Nbc6 13. Qxe5 Nxe5 14. Ng3 Bd7 15. Nh5 O-O-O 16. h4 a6 17. a4 d4 18. Bg5 N5g6 19. Nf6 Rh8 20. Bd3 Bc6 21. f3 Rdf8 22. Kf2 Nf5 23. h5 Ne5 24. Bxf5 exf5 25. h6 Nd7 26. h7 Nxf6 27. Bxf6 Kd7 28. Rae1 Kd6 29. Be7+ 1-0

[Event "Early-Titled-Tuesday-Blitz-September-12-2023"]
[Site "Chess.com"]
[Date "2023.09.12"]
[Round "4"]
[White "RCone"]
[Black "campochess"]
[Result "1-0"]
[WhiteElo "2346"]
[BlackElo "2112"]
[TimeControl "180+1"]
[EndTime "8:35:48 PDT"]
[Termination "RCone won by resignation"]

1. e4 c5 2. Nc3 Nc6 3. Bb5 e5 4. Bxc6 dxc6 5. d3 f6 6. f4 Bd6 7. f5 Ne7 8. b3 O-O 9. g4 Bd7 10.
Nf3 Be8 11. h4 Bc7 12. Be3 Ba5 13. Qd2 b6 14. Kf2 Nc8 15. Ng1 Nd6 16. Nge2 Qc7 17. a4 Rd8 18. Qe1 Nf7 19. Qg1 Kh8 20. g5 Nd6 21. Qg4 Qf7 22. Rag1 Qh5 23. gxf6 Qxg4 24.
Rxg4 gxf6 25. Rhg1 Bh5 26. Rg7 Rf7 27. Bh6 Rxg7 28.
Bxg7+ Kg8 29. Bxf6+ Kf7 30. Bxd8 b5 31. Bxa5 1-0

[Event "Early-Titled-Tuesday-Blitz-September-12-2023"]
[Site "Chess.com"]
[Date "2023.09.12"]
[Round "4"]
[White "Dr_crypt"]
[Black "Mesa_1"]
[Result "0-1"]
[WhiteElo "2409"]
[BlackElo "2616"]
[TimeControl "180+1"]
[EndTime "8:35:57 PDT"]
[Termination "Mesa_1 won by resignation"]

1. d4 Nf6 2. Nf3 g6 3. c4 Bg7 4.
Nc3 d6 5. e4 O-O 6. h3 Na6 7.
Be3 e5 8. d5 Nc5 9. Nd2 a5 10.
Be2 c6 11. O-O Bd7 12. Rc1 Qb8 13. a3 a4 14. Bxc5 dxc5 15. Nxa4 cxd5 16. Nb6 dxe4 17. Nxa8 Qxa8 18. Nxe4 Nxe4 19. Qxd7 Rd8 20. Qc7 Rc8 21. Qb6 Rc6 22. Qb5 Ng5 23. Rfd1 Ne6 24. Rd7 Nd4 25.
Bf1 Nxb5 26. cxb5 Rc8 27. Rcd1 Bf6 28. Bc4 Rd8 29. Rxd8+ Bxd8 30. Rd7 Kg7 31. Rxf7+ Kh6 32. Bd5 Qa4 33. Rxb7 Qd1+ 34. Kh2 Qxd5 0-1

[Event "Early-Titled-Tuesday-Blitz-September-12-2023"]
[Site "Chess.com"]
[Date "2023.09.12"]
[Round "4"]
[White "LoaySameer"]
[Black "Yuruultei"]
[Result "1-0"]
[WhiteElo "2523"]
[BlackElo "2340"]
[TimeControl "180+1"]
[EndTime "8:36:03 PDT"]
[Termination "LoaySameer won by resignation"]

1. Nf3 Nf6 2. g3 g6 3. Bg2 Bg7 4. O-O O-O 5. d3 d6 6. e4 e5 7. c3 c5 8. a3 Nc6 9. b4 b6 10. Nbd2 h6 11. b5 Ne7 12. Nc4 Be6 13. a4 Bxc4 14. dxc4 Nxe4 15. Qc2 Nf6 16. a5 e4 17. Nd2 d5 18. cxd5 Qxd5 19. Nxe4 Qc4 20. Nxf6+ Bxf6 21. Bxh6 Rad8 22. Bxf8 Kxf8 23. Rad1 Rxd1 24. Rxd1 Qxc3 25. Qxc3 Bxc3 26. Rd8+ Kg7 27. a6 Nf5 28. Rd7 Nd4 29.
Rxa7 Nxb5 30. Rb7 Bd4 31. a7 Nxa7 32. Rxa7 b5 33. Bd5 c4 34. Rxf7+ Kh6 35. Rb7 c3 36. Bb3 1-0

[Event "Early-Titled-Tuesday-Blitz-September-12-2023"]
[Site "Chess.com"]
[Date "2023.09.12"]
[Round "4"]
[White "Rutricks"]
[Black "WindWhistler11"]
[Result "1-0"]
[WhiteElo "2677"]
[BlackElo "2484"]
[TimeControl "180+1"]
[EndTime "8:36:07 PDT"]
[Termination "Rutricks won by resignation"]

1. e4 e6 2. Nf3 d5 3. Nc3 Nc6 4. d4 Nf6 5. Bg5 Be7 6. Bxf6 Bxf6 7. e5 Be7 8. Qd2 b6 9. O-O-O Bb7 10. h4 a6 11. h5 h6 12. Rh3 Qd7 13. Rg3 Bf8 14.
Kb1 O-O-O 15. a3 Kb8 16. Bd3 Rc8 17. Qe3 Na5 18. Qe2 Ka7 19. Nd2 Qd8 20. Nb3 Nxb3 21.
cxb3 c5 22. dxc5 bxc5 23. Na4 Qa5 24. Rc1 Bc6 25. Nxc5 Bxc5 26. b4 Bxb4 27. axb4 Qxb4 28. Bxa6 Rc7 29. Ra3 Qe4+ 30. Bd3+ 1-0

[Event "Early-Titled-Tuesday-Blitz-September-12-2023"]
[Site "Chess.com"]
[Date "2023.09.12"]
[Round "4"]
[White "Fleetw00dMac"]
[Black "TregubovP"]
[Result "1/2-1/2"]
[WhiteElo "2470"]
[BlackElo "2655"]
[TimeControl "180+1"]
[EndTime "8:36:07 PDT"]
[Termination "Game drawn by repetition"]

1. d4 Nf6 2. c4 c5 3. d5 b5 4. cxb5 a6 5. b6 e6 6. Nc3 Nxd5 7. Nxd5 exd5 8. Qxd5 Nc6 9. Nf3 Be7 10. e4 Rb8 11. Bc4 O-O 12. O-O Rxb6 13. Bd2 d6 14. Bc3 Be6 15.
Qd3 Bxc4 16. Qxc4 Bf6 17. Rad1 Bxc3 18. Qxc3 Qe7 19. Rfe1 Rfb8 20. Rd2 h6 21. h3 Ne5 22. Nxe5 Qxe5 23. Qxe5 dxe5 24. b3 Rb4 25. f3 c4 26.
bxc4 Rxc4 27. Red1 Ra4 28. h4 h5 29. Kh2 Kh7 30. Kg3 Rb6 31. Rc1 Rb7 32. Rc5 f6 33. Rc8 Kg6 34. Rc6 Ra3 35. Rc5 Ra4 36. Rc6 Ra3 37. Rc5 Ra4 38. Rc6 1/2-1/2

[Event "Early-Titled-Tuesday-Blitz-September-12-2023"]
[Site "Chess.com"]
[Date "2023.09.12"]
[Round "4"]
[White "KatakuriDono"]
[Black "HajiyevKanan"]
[Result "0-1"]
[WhiteElo "2321"]
[BlackElo "2519"]
[TimeControl "180+1"]
[EndTime "8:36:08 PDT"]
[Termination "HajiyevKanan won by resignation"]

1. d4 c6 2. c4 d5 3. Nc3 a6 4. cxd5 cxd5 5. Nf3 Nf6 6. Bg5 Nc6 7. Bxf6 gxf6 8. e3 Bg4 9. Be2 e6 10. h3 Bh5 11. a3 Bd6 12. g4 Bg6 13. h4 h5 14. g5 f5 15. Nd2 f4 16. Nb3 fxe3 17. fxe3 Bg3+ 18. Kf1 f6 19. Kg2 Bd6 20. Bd3 Rg8 21.
Bxg6+ Rxg6 22. Qd3 Rg7 23. e4 fxg5 24. e5 gxh4+ 25.
Kf2 Bxe5 26. dxe5 Nxe5 27. Qd4 Qf6+ 28. Ke2 Qf3+ 29. Kd2 Rg2+ 0-1

[Event "Early-Titled-Tuesday-Blitz-September-12-2023"]
[Site "Chess.com"]
[Date "2023.09.12"]
[Round "4"]
[White "LUISMIGUELOV"]
[Black "Mr_Lion22"]
[Result "1-0"]
[WhiteElo "2118"]
[BlackElo "2428"]
[TimeControl "180+1"]
[EndTime "8:36:14 PDT"]
[Termination "LUISMIGUELOV won by resignation"]

1. d4 Nf6 2. c3 g6 3. Bg5 Bg7 4. Nd2 O-O 5. Ngf3 c5 6. e3 Nc6 7. Bd3 d6 8. h4 h6 9. Bf4 cxd4 10. exd4 e5 11. Be3 Re8 12. dxe5 dxe5 13. Bc4 e4 14. Nd4 Ne5 15. Be2 Nfg4 16. Nxe4 f5 17. Nc5 f4 18.
Bxf4 b6 19. Bxe5 Rxe5 20. Nd3 Re4 21. f3 Bxd4 22. cxd4 Qxd4 23. fxe4 Qf2+ 24. Nxf2 1-0

[Event "Early-Titled-Tuesday-Blitz-September-12-2023"]
[Site "Chess.com"]
[Date "2023.09.12"]
[Round "4"]
[White "play1ngtheangel"]
[Black "Eloist"]
[Result "1-0"]
[WhiteElo "2668"]
[BlackElo "2477"]
[TimeControl "180+1"]
[EndTime "8:36:18 PDT"]
[Termination "play1ngtheangel won by resignation"]

1. e4 e6 2. d4 d5 3. Nd2 c5 4.
exd5 Qxd5 5. Ngf3 cxd4 6. Bc4 Qd6 7. O-O Nf6 8. Re1 Nc6 9. Ne4 Nxe4 10. Rxe4 Qb4 11.
b3 Bc5 12. Bb2 O-O 13. a3 Qb6 14. b4 Be7 15. Nxd4 Nxd4 16. Bxd4 Qc6 17. Bd3 f5 18. Re3 Rd8 19. Bb2 Bd7 20. Bxf5 Bg5 21. Qh5 exf5 22. Qxg5 Qg6 23. Qxg6 hxg6 24. Re7 Bc6 25. Rxg7+ Kf8 26.
Rxg6 Rd2 27. Rf6+ Kg8 28. Rxf5 Rxc2 29. Rg5+ Kf8 30. Bd4 Rd8 31. Bxa7 Ra2 32. Bc5+ Kf7 33. Re1 Rxa3 34. b5 1-0